 Dungeon Crawl Stone Soup version 0.22.1-1-ga44c0e5 (webtiles) character file.

3271 sanboga the Cleaver (level 10, -25/105 HPs)
             Began as a Gargoyle Berserker on Nov 7, 2018.
             Was an Elder of Trog.
             Annihilated by a white ugly thing (33 damage)
             ... on level 8 of the Dungeon.
             The game lasted 00:09:33 (6627 turns).

sanboga the Cleaver (Gargoyle Berserker)            Turns: 6627, Time: 00:09:33

Health: -25/105    AC: 20    Str: 29    XL:     10   Next: 0%
Magic:  10/10      EV:  9    Int:  8    God:    Trog [****..]
Gold:   227        SH:  0    Dex:  9    Spells: 9/9 levels left

rFire    . . .     SeeInvis .   a - +0 hand axe
rCold    . . .     Gourm    .   (no shield)
rNeg     + . .     Faith    .   f - +0 chain mail
rPois    ∞         Spirit   .   (helmet restricted)
rElec    +         Reflect  .   i - +0 cloak
rCorr    .         Harm     .   (no gloves)
MR       .....                  b - +0 pair of boots
Stlth    ..........             h - amulet of magic regeneration
HPRegen  0.27/turn              g - ring of stealth
MPRegen  0.37/turn              (no ring)

@: mighty, berserking (expiring), hasted, very quick
A: horns 1, blurry vision 1, negative energy resistance 1, robust 1, electricity
resistance, unbreathing, petrification resistance, rot immunity, AC +7
a: Berserk, Trog's Hand, Brothers in Arms, Renounce Religion


You were on level 8 of the Dungeon.
You worshipped Trog.
Trog was greatly pleased with you.
You were very hungry.

You visited 1 branch of the dungeon, and saw 8 of its levels.

You collected 469 gold pieces.
You spent 242 gold pieces at shops.

Inventory:

Hand Weapons
 a - a +0 hand axe (weapon)
 r - a +1 war axe
Armour
 b - a +0 pair of boots (worn)
 f - a +0 chain mail (worn)
 i - a +0 cloak (worn)
Jewellery
 g - a ring of stealth (left hand)
 h - an amulet of magic regeneration (around neck)
Wands
 d - a wand of flame (24)
 n - a wand of digging (7)
 s - a wand of acid (7)
 t - a wand of disintegration (14)
Scrolls
 e - 4 scrolls of teleportation
 k - 2 scrolls of magic mapping
 o - 3 scrolls of enchant weapon
 q - 6 scrolls of remove curse
 x - a scroll of identify
Potions
 j - 2 potions of might
 l - a potion of cancellation
 m - 2 potions of heal wounds
 u - 2 potions of curing
 v - 2 potions of agility
Comestibles
 c - 11 rations


   Skills:
 + Level 8.2 Fighting
 * Level 9.4 Axes
 + Level 7.8 Armour
 - Level 1.5 Dodging


You had 9 spell levels left.
You didn't know any spells.
Your spell library was empty.

Dungeon Overview and Level Annotations

Branches:
Dungeon (8/15)             Temple (0/1) D:4
   Lair: D:8-11

Altars:
Dithmenos
Elyvilon
Gozag
Nemelex Xobeh
Uskayaw
Vehumet
Xom
The Shining One

Shops:
D:6 }


Innate Abilities, Weirdness & Mutations

You are resistant to torment.
Your stone body is resilient. (AC +7)
You are immune to poison.
You resist negative energy. (rN+)
You are resistant to electric shocks. (rElec)
You can survive without breathing.
You are immune to petrification.
You are immune to rotting.
You have a pair of small horns on your head.
Scrolls take you a little longer to read.
You are robust. (+10% HP)


Message History

You closely miss the white ugly thing.
The white ugly thing is moderately wounded.
The white ugly thing completely misses you.
You slash the white ugly thing!
The white ugly thing is heavily wounded.
The white ugly thing stings you but does no damage.
You barely miss the white ugly thing.
The white ugly thing is heavily wounded.
You hit the white ugly thing. You headbutt the white ugly thing!
The white ugly thing is severely wounded.
The white ugly thing stings you but does no damage.
You slash the white ugly thing!
The white ugly thing is severely wounded.
You closely miss the white ugly thing.
Your headbutt misses the white ugly thing.
The white ugly thing is severely wounded.
The white ugly thing stings you!
* * * LOW HITPOINT WARNING * * *
The white ugly thing freezes you!!
You die...

# #######
...#...<.##
..........##
......u@.>.#
.......†...#
...........#
...........#
...........#
.....=......
...#.....####
##########


You could see a white ugly thing.

Vanquished Creatures
  Pikel (D:5)
  A yaktaur (D:6)
  Grinder (D:6)
  A shadow (D:6)
  Menkaure (D:7)
  4 slaves
  2 phantoms (D:6)
  A sky beast (D:7)
  2 ogres
  A necrophage (D:7)
  A bullfrog (D:6)
  A big kobold (D:7)
  A gnoll sergeant (D:7)
  3 scorpions
  A bullfrog zombie (D:7)
  2 crimson imps
  Crazy Yiuf (D:2)
  3 bullfrog skeletons
  3 jellies
  3 orc priests (D:7)
  5 hounds
  A centaur skeleton (D:6)
  6 orc wizards
  2 iguanas
  6 worker ants
  3 hound skeletons
  8 gnolls
  5 adders
  2 shadow imps
  An ooze (D:7)
  An adder zombie (D:7)
  An adder skeleton (D:4)
  3 worms
  2 dart slugs
  4 leopard geckos
  19 orcs
  6 giant cockroaches
  5 goblins
  5 hobgoblins
  4 jackals (D:2)
  2 quokkas
  11 bats
  9 frilled lizards
  A giant cockroach zombie (D:6)
  12 kobolds
  8 rats
166 creatures vanquished.

Notes
Turn   | Place    | Note
-------+----------+-------------------------------------------
     0 | D:1      | sanboga the Gargoyle Berserker began the quest for the Orb.
     0 | D:1      | Reached XP level 1. HP: 14/14 MP: 1/1
   142 | D:1      | Reached skill level 3 in Axes
   142 | D:1      | Reached XP level 2. HP: 6/19 MP: 2/2
   533 | D:1      | Reached XP level 3. HP: 17/23 MP: 3/3
   639 | D:1      | Reached ** piety under Trog
  1059 | D:2      | Reached XP level 4. HP: 26/29 MP: 4/4
  1124 | D:2      | Reached skill level 4 in Axes
  1185 | D:2      | Found a runed door.
  1334 | D:2      | Found a white marble altar of Elyvilon.
  1342 | D:2      | Reached XP level 5. HP: 30/33 MP: 5/5
  1449 | D:2      | Noticed Crazy Yiuf
  1456 | D:2      | Killed Crazy Yiuf
  1974 | D:3      | Reached *** piety under Trog
  2030 | D:3      | Reached XP level 6. HP: 39/39 MP: 6/6
  2724 | D:3      | Gained mutation: Scrolls take you a little longer to read.
                  | [potion of mutation]
  2724 | D:3      | Gained mutation: You have a pair of small horns on your
                  | head. [potion of mutation]
  2724 | D:3      | Gained mutation: You are robust. (+10% HP) [potion of
                  | mutation]
  2916 | D:4      | Reached skill level 5 in Axes
  3133 | D:4      | Found a sparkling altar of Nemelex Xobeh.
  3186 | D:4      | Found a staircase to the Ecumenical Temple.
  3415 | D:4      | Reached XP level 7. HP: 38/48 MP: 7/7
  3476 | D:5      | Entered Level 5 of the Dungeon
  3668 | D:5      | Reached skill level 5 in Fighting
  3890 | D:5      | Found a radiant altar of Vehumet.
  3892 | D:5      | Found a hide-covered altar of Uskayaw.
  4038 | D:5      | Found a shadowy altar of Dithmenos.
  4334 | D:6      | Reached skill level 6 in Axes
  4593 | D:6      | Noticed Pikel
  4644 | D:5      | Killed Pikel
  4644 | D:5      | Reached skill level 5 in Armour
  4644 | D:5      | Reached XP level 8. HP: 40/56 MP: 8/8
  4814 | D:6      | Reached **** piety under Trog
  4851 | D:6      | Reached skill level 7 in Axes
  4874 | D:6      | Found a shadowy altar of Dithmenos.
  4962 | D:6      | Found Boudgh's Gadget Shoppe.
  4972 | D:6      | Bought a wand of acid (7) for 242 gold pieces
  5006 | D:6      | Found a shimmering altar of Xom.
  5007 | D:6      | Noticed a yaktaur
  5007 | D:6      | Noticed Grinder
  5023 | D:6      | Noticed a shadow
  5028 | D:6      | Killed Grinder
  5044 | D:6      | Found a transporter.
  5062 | D:6      | Found a transporter.
  5120 | D:6      | Reached XP level 9. HP: 54/61 MP: 9/9
  5127 | D:6      | Received a gift from Trog
  5152 | D:6      | Found a glowing golden altar of the Shining One.
  5240 | D:6      | Reached skill level 8 in Axes
  5244 | D:6      | Killed a yaktaur
  5755 | D:7      | Found an opulent altar of Gozag.
  5776 | D:7      | Noticed Menkaure
  5793 | D:7      | Killed Menkaure
  5957 | D:7      | Reached skill level 9 in Axes
  6147 | D:7      | Reached ***** piety under Trog
  6603 | D:8      | Noticed a white ugly thing
  6617 | D:8      | Reached XP level 10. HP: 16/70 MP: 10/10
  6627 | D:8      | Annihilated by a white ugly thing

Skill      XL: |  1  2  3  4  5  6  7  8  9 |
---------------+----------------------------+-----
Axes           | 3 4 5 6 7 9 |  9.4
Armour         | 3 4 5 6 7 |  7.8
Fighting       | 4 6 8 |  8.2
Dodging        | |  1.5

Action                   |  1- 3 |  4- 6 |  7- 9 | 10-12 || total
-------------------------+-------+-------+-------+-------++-------
Melee: Hand axe          |   114 |   259 |   416 |    10 ||   799
       Headbutt          |       |    23 |    89 |     2 ||   114
Invok: Berserk           |       |       |     4 |       ||     4
  Use: Scroll            |     3 |     6 |     3 |       ||    12
       Potion            |       |     5 |     4 |       ||     9
 Stab: Distracted        |       |       |     1 |       ||     1
  Eat: Chunk             |     1 |     7 |    14 |       ||    22
Armor: Animal skin       |    24 |       |       |       ||    24
       Chain mail        |    54 |   197 |   282 |     4 ||   537
Dodge: Dodged            |    97 |   102 |   173 |     1 ||   373
